 Dungeon Crawl Stone Soup version 0.27-a0-1065-ge809cff456 (webtiles) character file.

Game seed: 3180313032489466141

75438 Anon1729 the Fighter (level 15, -3/122 HPs)
             Began as a Demonspawn Berserker on Apr 22, 2021.
             Was a High Priest of Trog.
             Killed by divine providence
             ... invoked by a meliai
              (16 damage)
             ... on level 13 of the Dungeon.
             The game lasted 00:41:06 (28180 turns).

Anon1729 the Fighter (Demonspawn Berserker)        Turns: 28180, Time: 00:41:06

Health: -3/122     AC: 20    Str: 23    XL:     15   Next: 9%
Magic:  15/15      EV: 16    Int: 10    God:    Trog [*****.]
Gold:   2276       SH:  0    Dex: 12    Spells: 14/14 levels left

rFire    + + .     SeeInvis +   Y - +10 executioner's axe of Killer Bee's Curse {vorpal, rF+ Will+}
rCold    + + .     Faith    +   (shield currently unavailable)
rNeg     . . .     Spirit   .   S - +0 steam dragon scales
rPois    .         Reflect  .   (helmet unavailable)
rElec    .         Harm     .   d - scarf {rC+ rF+}
rCorr    .         Rampage  .   J - +2 pair of gloves {Stlth+}
Will     ++...                  R - +2 pair of boots {Stlth+}
Stlth    +++.......             P - amulet of faith
HPRegen  0.30/turn              w - ring of protection from cold
MPRegen  0.14/turn              k - +4 ring of protection

@: lethally poisoned (-3 -> -12), about to teleport, studying Crossbows
A: antennae 3, slimy green scales 1, powered by pain 2, spiny 3
a: Renounce Religion, Berserk, Trog's Hand, Brothers in Arms


You were on level 13 of the Dungeon.
You worshipped Trog.
Trog was extremely pleased with you.
You visited 2 branches of the dungeon, and saw 19 of its levels.
You also visited: Sewer, Ossuary, Bailey and Gauntlet.

You collected 2276 gold pieces.

Inventory:

Hand Weapons
 j - the +8 war axe "Xuobb" {elec, rF+ rC- SInv Stlth+}
   (You found it on level 5 of the Lair of Beasts)

   Occasionally, upon striking a foe, it can discharge electrical energy and
   cause terrible harm.
   It protects you from fire.
   It makes you vulnerable to cold.
   It lets you see invisible.
   It makes you more stealthy.
 H - the +7 hand axe "Taell" {speed, +Blink rN+ Will+ rCorr}
   (You found it on level 5 of the Dungeon)

   Attacks with this weapon are significantly faster.
   It protects you from negative energy.
   It lets you blink.
   It protects you from acid and corrosion.
   It increases your willpower.
 Y - the +10 executioner's axe of Killer Bee's Curse (weapon) {vorpal, rF+ Will+}
   (Trog gifted it to you on level 6 of the Lair of Beasts)

   It inflicts extra damage upon your enemies.
   It protects you from fire.
   It increases your willpower.
Missiles
 a - 19 curare-tipped darts
 F - 19 silver javelins
 T - 4 atropa-tipped darts
Armour
 d - a scarf of resistance (worn)
 J - a +2 pair of gloves of stealth (worn)
 R - a +2 pair of boots of stealth (worn)
 S - +0 steam dragon scales (worn)
Jewellery
 b - a ring of positive energy
 g - an amulet of guardian spirit
 h - a ring of positive energy
 k - a +4 ring of protection (right hand)
 q - a ring of protection from fire
 t - a ring of flight
 w - a ring of protection from cold (left hand)
 M - a +6 ring of intelligence
 N - a ring of see invisible
 P - an amulet of faith (around neck)
Wands
 c - a wand of digging (7)
 p - a wand of flame (106)
 s - a wand of charming (20)
 y - a wand of mindburst (38)
 G - a wand of acid (33)
 L - a wand of polymorph (18)
 O - a wand of iceblast (3)
Scrolls
 e - 6 scrolls of teleportation
 f - 6 scrolls of holy word
 n - 3 scrolls of enchant armour
 u - 4 scrolls of vulnerability
 D - a scroll of immolation
 Q - 4 scrolls of magic mapping
 U - 2 scrolls of enchant weapon
 X - a scroll of fear
 Z - 2 scrolls of fog
Potions
 i - 2 potions of lignification
 l - 7 potions of curing
 m - 3 potions of cancellation
 o - 4 potions of brilliance
 r - 3 potions of haste
 x - a potion of resistance
 z - 6 potions of flight
 A - 3 potions of heal wounds
 B - 3 potions of magic
 C - 3 potions of ambrosia
 E - 2 potions of mutation
 I - a potion of experience {unknown}
 K - 2 potions of attraction
 V - 5 potions of might
Miscellaneous
 W - a condenser vane


   Skills:
 + Level 12.6 Fighting
 + Level 11.7 Axes
 + Level 11.5 Armour
 + Level 11.5 Dodging
 + Level 11.3 Evocations


You had 14 spell levels left.
You didn't know any spells.
Your spell library was empty.

Dungeon Overview and Level Annotations

Branches:
Dungeon (13/15)            Temple (0/1) D:7            Lair (6/6) D:11
 Shoals (0/4) Lair:4        Snake (0/4) Lair:4        Slime (0/5) Lair:6
    Orc (0/2) D:11          Sewer (visited)         Ossuary (visited)
 Bailey (visited)         Gauntlet (visited)
 Vaults: D:13-14

Altars:
Ashenzari
Dithmenos
Fedhas
Makhleb
Okawaru
Ru
Uskayaw
Xom
Yredelemnul
Zin

Shops:
D:10 *

Portals:
Trove: D:11 (give +3 shadow dragon scales)

Annotations:
D:8 exclusions: oklob plant and oklob sapling
D:11 exclusion: hydra
Lair:1 exclusion: oklob plant


Innate Abilities, Weirdness & Mutations

You have a pair of large antennae on your head. (SInv)
You are partially covered in slimy green scales. (AC +2)
You sometimes gain power by taking damage.
You are completely covered in sharp spines.


Message History

A slime creature suddenly becomes a large slime creature.
You completely miss the meliai.
The meliai is moderately wounded.
You hit the meliai.
You feel very sick. The meliai hits you but does no damage.
The meliai closely misses you.
The meliai calls upon its god to heal the meliai.
The meliai is healed somewhat.
The meliai hits you with a +0 hand axe.
* * * LOW HITPOINT WARNING * * *
The meliai stings you.
* * * LOW HITPOINT WARNING * * *
You are lethally poisoned!
The meliai poisons you!
The meliai calls upon its god to heal the meliai.
The meliai's wounds heal themselves!
The meliai is struck by your spines. The meliai hits you but does no damage.
The meliai completely misses you. The meliai closely misses you.
The meliai stings you but does no damage.
You feel much better.
You feel very sick.
The meliai calls down the wrath of its god upon you.
Something smites you!
* * * LOW HITPOINT WARNING * * *
The meliai barely misses you.
The meliai stings you but does no damage.
The meliai calls upon its god to heal the meliai.
The meliai's wounds heal themselves!
The meliai calls upon its god to heal the meliai.
The meliai is healed somewhat.
Blink to where?
Press: ? - help, Dir - move target
As you read the scroll of blinking, it crumbles to dust.
* * * LOW HITPOINT WARNING * * *
You feel very sick.
As you read the scroll of teleportation, it crumbles to dust.
You feel strangely unstable.
You feel very sick.
The meliai invokes the aid of its god against you.
Something smites you!
You die...

... ... .####### ....
.......< ..... .#######
#######..... ###
#........# #.. #.......#
#.# #...@...#### ##.#
#........... ## #...
#...........#.#.##..#
#...J..............##
#....y......#..##..##
#..JJ......... #.#..
#####.##y.........###...#
#)..#....##.....#........
#.....#### ....#........


You could see 2 large slime creatures, a slime creature and 2 meliai.

Vanquished Creatures
  Gastronok (Lair:1)
  A vault guard (D:11)
  A boulder beetle (Lair:6)
  2 catoblepae (Lair:4)
  4 hydras
  2 two-headed ogres
  16 death yaks
  Sonja (Lair:6)
  3 orc knights (Bailey)
  2 oklob plants (Lair:6)
  2 manticores (Lair:4)
  An ugly thing (D:12)
  A worldbinder (Gauntlet)
  2 cyclopes
  A salamander (shapeshifter) (Gauntlet)
  11 elephants
  9 black mambas
  An eye of devastation (Lair:6)
  A gargoyle (D:10)
  13 cane toads
  2 unseen horrors
  2 kobold demonologists (Bailey)
  3 rime drakes
  10 komodo dragons
  A meliai (D:13)
  3 trolls
  8 polar bears
  Grinder (D:3)
  4 hornets (Lair:6)
  A slime creature (D:13)
  13 dream sheep
  14 blink frogs
  15 spriggans (Lair:6)
  Sigmund (D:3)
  2 shadows (D:11)
  3 wyverns
  12 vampire mosquitoes
  49 yaks
  2 steam dragons
  4 nagas (Lair:4)
  2 acid dragons
  A floating eye (Lair:6)
  25 water moccasins
  Duvessa (D:5)
  A sky beast (D:5)
  4 black bears
  A hornet zombie (D:7)
  10 orc warriors
  5 boggarts
  An ogre (D:5)
  A wolf (shapeshifter) (Gauntlet)
  18 wolves (Lair:6)
  4 centaurs
  4 kobold brigands
  3 phantoms
  12 bullfrogs
  A scorpion (D:4)
  Dowan (D:5)
  A gnoll sergeant (D:7)
  A water moccasin zombie (Ossuary)
  A troll zombie (D:11)
  7 killer bees (D:10)
  4 electric eels
  2 howler monkeys (D:10)
  2 centaur zombies
  4 hounds
  3 jellies
  7 orc priests
  Jessica (D:3)
  Ijyb (D:3)
  6 iguanas
  10 orc wizards
  4 hell rats (Lair:3)
  2 killer bee zombies
  5 ogre zombies (D:11)
  A hound zombie (D:5)
  A hound skeleton (D:4)
  2 mummies (Ossuary)
  Robin (D:2)
  9 gnolls
  A howler monkey skeleton (D:6)
  11 adders
  An ufetubus (D:6)
  An adder skeleton (D:4)
  8 adder zombies (Ossuary)
  A worm (D:2)
  A dart slug (D:3)
  32 orcs
  15 ball pythons
  2 bats
  15 endoplasms
  10 giant cockroaches
  A gnoll zombie (Ossuary)
  31 goblins
  17 hobgoblins
  11 jackals
  16 quokkas
  13 frilled lizards
  A goblin skeleton (D:11)
  4 goblin zombies
  5 hobgoblin zombies
  15 kobolds
  2 kobold zombies (Ossuary)
  3 orc skeletons (D:11)
  17 orc zombies
  A quokka zombie (D:5)
  5 rats
635 creatures vanquished.

Vanquished Creatures (collateral kills)
  A minotaur (Gauntlet)
  3 hydras
  3 death yaks (Lair:6)
  Nergalle (D:11)
  A glowing orange brain (Gauntlet)
  4 ugly things
  A cane toad (Lair:4)
  A hornet (shapeshifter) (Gauntlet)
  A water moccasin (Lair:4)
16 creatures vanquished.

Vanquished Creatures (others)
  An orc wizard (D:5)
  An orc (D:10)
  4 bushes
  75 fungi
  165 plants
  18 toadstools (Lair:6)
264 creatures vanquished.

Grand Total: 915 creatures vanquished

Notes
Turn   | Place    | Note
-------+----------+-------------------------------------------
     0 | D:1      | Anon1729 the Demonspawn Berserker began the quest for the
                  | Orb.
     0 | D:1      | Reached XP level 1. HP: 18/18 MP: 1/1
   425 | D:1      | Gained mutation: You are partially covered in sharp spines.
                  | [demonic ancestry]
   425 | D:1      | Reached XP level 2. HP: 15/24 MP: 2/2
  1414 | D:2      | Gained mutation: You are partially covered in slimy green
                  | scales. (AC +2) [demonic ancestry]
  1414 | D:2      | Reached XP level 3. HP: 28/29 MP: 3/3
  1447 | D:2      | Noticed Robin
  1452 | D:2      | Reached ** piety under Trog
  1462 | D:2      | Killed Robin
  1463 | D:2      | Reached XP level 4. HP: 15/35 MP: 4/4
  1878 | D:2      | Gained mutation: You are mostly covered in sharp spines.
                  | [demonic ancestry]
  1878 | D:2      | Reached XP level 5. HP: 42/42 MP: 5/5
  2066 | D:2      | Found a faded altar of an unknown god.
  2615 | D:3      | Noticed Ijyb
  2631 | D:3      | Killed Ijyb
  2632 | D:3      | Reached skill level 4 in Fighting
  2874 | D:3      | Reached *** piety under Trog
  2934 | D:3      | Noticed Jessica
  2938 | D:3      | Killed Jessica
  2960 | D:3      | Found an iron altar of Okawaru.
  2967 | D:3      | Noticed Grinder
  2977 | D:3      | Killed Grinder
  2978 | D:3      | Gained mutation: You have a pair of small antennae on your
                  | head. [demonic ancestry]
  2978 | D:3      | Reached XP level 6. HP: 49/49 MP: 6/6
  3104 | D:3      | Noticed Sigmund
  3114 | D:3      | Killed Sigmund
  3115 | D:3      | Reached XP level 7. HP: 55/55 MP: 7/7
  3129 | D:3      | Found a glowing drain.
  3139 | Sewer    | Entered a sewer
  3414 | Sewer    | Reached **** piety under Trog
  3842 | D:4      | Reached skill level 5 in Fighting
  4647 | D:5      | Entered Level 5 of the Dungeon
  4686 | D:5      | Noticed a wyvern
  4695 | D:5      | Killed a wyvern
  4775 | D:5      | Found a sand-covered staircase.
  4794 | Ossuary  | Entered an ossuary
  4866 | Ossuary  | Gained mutation: You have a pair of antennae on your head.
                  | [demonic ancestry]
  4866 | Ossuary  | Reached XP level 8. HP: 63/63 MP: 8/8
  4871 | Ossuary  | Reached skill level 5 in Axes
  4935 | Ossuary  | Reached ***** piety under Trog
  5213 | D:5      | Noticed Duvessa
  5213 | D:5      | Noticed Dowan
  5232 | D:5      | Reached skill level 6 in Fighting
  5232 | D:5      | Reached skill level 5 in Armour
  5232 | D:5      | Reached skill level 5 in Dodging
  5243 | D:5      | Killed Duvessa
  5255 | D:5      | Reached skill level 1 in Evocations
  5260 | D:5      | Killed Dowan
  5468 | D:5      | Identified the +7 hand axe "Taell" {speed, +Blink rN+ Will+
                  | rCorr}
  6048 | D:6      | Gained mutation: You sometimes gain a little power by
                  | taking damage. [demonic ancestry]
  6048 | D:6      | Reached XP level 9. HP: 68/71 MP: 9/9
  6317 | D:6      | Found a sacrificial altar of Ru.
  6478 | D:7      | Noticed a death knight
  6830 | D:7      | Reached skill level 7 in Fighting
  6926 | D:7      | Found a burning altar of Makhleb.
  7351 | D:7      | Found a shimmering altar of Xom.
  7351 | D:7      | Found a shimmering altar of Xom.
  7352 | D:7      | Found a shimmering altar of Xom.
  7352 | D:7      | Found a shimmering altar of Xom.
  7353 | D:7      | Found a shimmering altar of Xom.
  7354 | D:7      | Found a shimmering altar of Xom.
  7462 | D:7      | Found a staircase to the Ecumenical Temple.
  7562 | D:7      | Found a basalt altar of Yredelemnul.
  8126 | D:8      | Noticed a +0 short sword
  8126 | D:8      | Noticed a +0 short sword
  8126 | D:8      | Noticed a +0 dagger
  8127 | D:8      | Noticed a +0 spear
  8127 | D:8      | Noticed a +0 falchion
  8127 | D:8      | Noticed a +0 dagger
  8127 | D:8      | Noticed a +0 falchion
  8127 | D:8      | Noticed a +0 spear
  8130 | D:8      | Found a hide-covered altar of Uskayaw.
  8715 | D:8      | Noticed an oklob plant
  9001 | D:9      | Gained mutation: You sometimes gain power by taking damage.
                  | [demonic ancestry]
  9001 | D:9      | Reached XP level 10. HP: 70/79 MP: 10/10
  9101 | D:9      | Noticed a cyclops
  9113 | D:9      | Killed a cyclops
  9285 | D:9      | Found a broken altar of Ashenzari.
  9907 | D:10     | Entered Level 10 of the Dungeon
 10149 | D:10     | Noticed a gargoyle
 10162 | D:10     | Killed a gargoyle
 10181 | D:10     | Noticed a two-headed ogre
 10308 | D:10     | Reached skill level 8 in Fighting
 10308 | D:10     | Reached skill level 5 in Evocations
 10329 | D:10     | Killed a two-headed ogre
 10794 | D:10     | Found Gustiwk's Changing Room.
 11243 | D:10     | Found a shadowy altar of Dithmenos.
 11662 | D:11     | Noticed a vault guard
 11673 | D:11     | Killed a vault guard
 11728 | D:11     | Found a portal to a secret trove of treasure.
 11804 | D:11     | Noticed a cyclops
 11818 | D:11     | Gained mutation: You have a pair of large antennae on your
                  | head. (SInv) [demonic ancestry]
 11818 | D:11     | Reached XP level 11. HP: 42/87 MP: 11/11
 12101 | D:11     | Found a staircase to the Lair.
 12228 | D:11     | Found a staircase to the Orcish Mines.
 12247 | D:11     | Reached ****** piety under Trog
 12252 | D:11     | Received a gift from Trog
 12827 | D:11     | Reached skill level 9 in Fighting
 12832 | D:11     | Noticed a purple ugly thing
 12834 | D:11     | Noticed a red ugly thing
 12855 | D:11     | Killed a red ugly thing
 12858 | D:11     | Killed a purple ugly thing
 12866 | D:11     | Noticed Nergalle
 12869 | D:11     | Killed Nergalle
 12974 | D:11     | Noticed a two-headed ogre
 13182 | D:11     | Noticed an eight-headed hydra
 13517 | Lair:1   | Entered Level 1 of the Lair of Beasts
 14115 | Lair:1   | Noticed an oklob plant
 14181 | Lair:1   | Noticed a seven-headed hydra
 14418 | Lair:1   | Noticed Gastronok
 14452 | Lair:1   | Killed Gastronok
 14453 | Lair:1   | Reached XP level 12. HP: 97/97 MP: 12/12
 15343 | Lair:2   | Received a gift from Trog
 15369 | Lair:2   | Killed a nine-headed hydra
 16167 | Lair:3   | Reached skill level 10 in Fighting
 16700 | Lair:3   | Noticed a seven-headed hydra
 16705 | Lair:3   | Killed a nine-headed hydra
 17048 | Lair:4   | Found a staircase to the Snake Pit.
 17372 | Lair:4   | Found a gate leading to a gauntlet.
 17383 | Gauntlet | Entered a Gauntlet
 17383 | Gauntlet | Found a transporter.
 17403 | Gauntlet | Found a transporter.
 17414 | Gauntlet | Found a transporter.
 17417 | Gauntlet | Found a transporter.
 17419 | Gauntlet | Noticed a death scarab
 17428 | Gauntlet | Noticed a death scarab
 17429 | Gauntlet | Found a transporter.
 17447 | Gauntlet | Found a transporter.
 17458 | Gauntlet | Found a transporter.
 17465 | Gauntlet | Noticed a death scarab
 17466 | Gauntlet | Noticed a death scarab
 17470 | Gauntlet | Found a transporter.
 17485 | Gauntlet | Found a transporter.
 17499 | Gauntlet | Found a transporter.
 17499 | Gauntlet | Found a transporter.
 17554 | Gauntlet | Found a transporter.
 17557 | Gauntlet | Found a transporter.
 17566 | Gauntlet | Found a transporter.
 17654 | Gauntlet | Noticed a bunyip
 17673 | Gauntlet | Noticed an anaconda
 17714 | Gauntlet | an anaconda changed into a swamp dragon
 17727 | Gauntlet | Paralysed by a hornet for 1 turns
 17898 | Gauntlet | Identified Rodwex's Advanced Steps in Witchcraft
 18046 | Gauntlet | Identified the +0 plate armour of Gusmivvu {Int+5}
 18046 | Gauntlet | Noticed a minotaur
 18059 | Gauntlet | HP: 7/148 [minotaur/+1 morningstar of freezing (6)]
 18059 | Gauntlet | HP: 2/148 [minotaur/+1 morningstar of freezing (5)]
 18061 | Gauntlet | Killed a minotaur
 18429 | Lair:4   | Reached XP level 13. HP: 91/104 MP: 13/13
 18657 | Lair:4   | Found a staircase to the Shoals.
 18868 | Lair:4   | Reached skill level 10 in Axes
 18884 | Lair:4   | Reached skill level 11 in Fighting
 19120 | Lair:4   | Reached skill level 10 in Armour
 19120 | Lair:4   | Reached skill level 10 in Dodging
 21209 | Lair:5   | Reached skill level 10 in Evocations
 21420 | Lair:5   | Identified the +8 war axe "Xuobb" {elec, rF+ rC- SInv
                  | Stlth+}
 22103 | Lair:6   | Entered Level 6 of the Lair of Beasts
 22112 | Lair:6   | Identified the +10 executioner's axe of Killer Bee's Curse
                  | {vorpal, rF+ Will+} (Trog gifted it to you on level 6 of
                  | the Lair of Beasts)
 22112 | Lair:6   | Received a gift from Trog
 22124 | Lair:5   | Reached XP level 14. HP: 59/114 MP: 14/14
 23431 | Lair:6   | Reached skill level 12 in Fighting
 23770 | Lair:6   | Received a gift from Trog
 24782 | Lair:6   | Found a staircase to the Slime Pits.
 25306 | Lair:6   | Found a blossoming altar of Fedhas.
 25614 | Lair:6   | Identified the +1 spear "Ewefynei" {holy, Str+4}
 25669 | Lair:6   | Noticed Sonja
 25685 | Lair:6   | Killed Sonja
 26285 | D:12     | Found a flagged portal.
 26292 | Bailey   | Entered a bailey
 26328 | Bailey   | Found an iron altar of Okawaru.
 26334 | Bailey   | Received a gift from Trog
 26480 | Bailey   | Identified the +1 plate armour of Negligence {Regen+ Int+2
                  | Stlth-}
 26729 | Bailey   | Acquired 768 gold pieces
 27190 | Bailey   | Gained mutation: You are completely covered in sharp
                  | spines. [demonic ancestry]
 27190 | Bailey   | Reached XP level 15. HP: 122/122 MP: 15/15
 27381 | D:12     | Identified the +0 ring mail of Undesirable Species {Int+3}
 28180 | D:13     | Killed from afar by a meliai

Illustrated notes

Levels and vault maps discovered:
D:1:      ebering_hopf_link, layout_loops_ring
D:2:      layout_basic, basic_ecumenical_altar, uniq_robin
D:3:      layout_loops_ring, okawaru_trees_2, portal_sewer_entry_e, uniq_ijyb,
          uniq_grinder, uniq_jessica, uniq_sigmund
D:4:      layout_loops_cross, grunt_decor_mini_mirrors
D:5:      layout_rooms, enter_ossuary_4, chequers_serial_rivers_small_b,
          bh_walls_and_bars, uniq_duvessa
D:6:      layout_rooms, nicolae_ru_sacrificial_ziggurat, zin_treasury
D:7:      layout_loops_ring, kennysheep_mini_moat, kennysheep_mini,
          xom_shifter_show, minmay_temple_entry_purple_smoke, minmay_manual_mail
D:8:      layout_basic, nicolae_uskayaw_en_pointe, introduction_to_nature_2
D:9:      layout_loops_ring, amcnicky_altar_gilded
D:10:     layout_long_grid, grunt_dithmenos_smoke_and_mirrors,
          nicolae_transmutations_shop, minivault_11
D:11:     layout_basic, david_lair_shrubbed, zombieorc1_lemuel, enter_trove_5,
          uniq_nergalle
D:12:     layout_layer_cave, enter_bailey_3
D:13:     layout_rooms
Lair:1:   layout_small_grid, st_stairs_13, grunt_forest_small_clearings,
          lemuel_fruit_tree, grunt_megastairs_2, minmay_lair_oklob_chamber,
          infiniplex_staircase_pool, uniq_gastronok
Lair:2:   layout_roguey, serial_forest, infiniplex_forest_clump_curved,
          infiniplex_forest_clump_cross, infiniplex_forest_end_1,
          infiniplex_forest_clump_medium, infiniplex_forest_zigzag_1,
          infiniplex_forest_clump_medium, infiniplex_forest_straight_3
Lair:3:   layout_gridlike
Lair:4:   nzn_motion_control, layout_big_grid, elwin_shoals_entry_rocks,
          minmay_snake_entry_guardpost_small, gauntlet_entry_generic,
          minivault_24
Lair:5:   layout_cave_pods, serial_bayou_shore_b, serial_bayou_shore_b,
          lemuel_fruit_fields
Lair:6:   minmay_lair_end_enchanted_forest, layout_regular_city,
          minmay_slime_entry_eyes, tgw_fedhas, uniq_sonja

Skill      XL: |  1  2  3  4  5  6  7  8  9 10 11 12 13 14 |
---------------+-------------------------------------------+-----
Armour         | 2 3 4 5 6 7 8 9 10 11 | 11.5
Dodging        | 2 3 4 5 6 7 8 9 10 11 | 11.5
Axes           | 3 4 5 6 7 8 9 10 11 | 11.7
Fighting       | 4 5 6 7 8 9 10 11 12 | 12.6
Evocations     | 2 4 5 7 8 10 11 | 11.3

Action                   |  1- 3 |  4- 6 |  7- 9 | 10-12 | 13-15 || total
-------------------------+-------+-------+-------+-------+-------++-------
Melee: Hand axe          |    62 |    82 |   397 |   588 |   254 ||  1383
       War axe           |       |       |       |       |   202 ||   202
       Executioner's axe |       |       |       |       |   127 ||   127
Invok: Berserk           |     3 |     4 |     4 |     9 |     4 ||    24
       Trog's Hand       |       |       |     1 |       |     1 ||     2
       Brothers in Arms  |       |       |       |     8 |     4 ||    12
Evoke: Wand              |       |       |     4 |     1 |    20 ||    25
  Use: Potion            |       |       |     1 |     4 |     3 ||     8
       Scroll            |       |       |       |    20 |    10 ||    30
 Stab: Sleeping          |     1 |       |     1 |       |     7 ||     9
Armor: Animal skin       |    14 |    19 |    56 |       |       ||    89
       Leather armour    |       |       |    36 |       |       ||    36
       Skin              |       |       |     8 |     5 |       ||    13
       Steam dragon scal |       |       |    27 |   128 |   242 ||   397
Dodge: Dodged            |    46 |    34 |   200 |   279 |   426 ||   985

Table legend: (Time is in decaauts)
 A = Elapsed time spent in this place.
 B = Non-inter-level travel time spent in this place.
 C = Inter-level travel time spent in this place.
 D = Time resting spent in this place.
 E = Time spent auto-exploring this place.
 F = Levels seen in this place.
 G = Mean time per level.
                   A        B        C        D        E       F      G
               +--------+--------+--------+--------+--------+-----+--------+
         Total |  28156 |  27195 |    961 |   4206 |  18932 |  23 | 1224.2 |
       Dungeon |  14323 |  13781 |    542 |   1756 |  10140 |  13 | 1101.8 |
          Lair |  11083 |  10664 |    419 |   1448 |   7772 |   6 | 1847.2 |
         Sewer |    412 |    412 |      0 |     10 |    195 |   1 |  412.0 |
       Ossuary |    247 |    247 |      0 |      0 |    165 |   1 |  247.0 |
        Bailey |   1070 |   1070 |      0 |    402 |    438 |   1 | 1070.0 |
      Gauntlet |   1020 |   1020 |      0 |    589 |    220 |   1 | 1020.0 |
               +--------+--------+--------+--------+--------+-----+--------+

Top non-repeatable levels by time:
  Lair:6: 3318 daAuts
  Lair:5: 2476 daAuts
    D:11: 2135 daAuts
  Lair:4: 2087 daAuts
    D:10: 1737 daAuts
  Lair:1: 1394 daAuts
     D:1: 1373 daAuts
     D:2: 1298 daAuts
     D:6: 1071 daAuts
  Bailey: 1070 daAuts
     D:7: 1046 daAuts
     D:8: 1035 daAuts
Gauntlet: 1020 daAuts
    D:12: 967 daAuts
  Lair:3: 929 daAuts
